 Dungeon Sprint DCSS version 0.29.1-2-gbd0b4ee654 (webtiles) character file.

Game seed: 4519230021371149450

58214 Zeld the Slayer (level 14, -6/247 HPs)
             Began as a Minotaur Berserker on Oct 28, 2022.
             Was the Champion of Trog.
             Killed from afar by a balrug (15 damage)
             ... with a fireball
             ... in the Dungeon (Sprint V: "Ziggurat Sprint").
             The game lasted 00:05:28 (2394 turns).

Zeld the Slayer (Minotaur Berserker)                Turns: 2394, Time: 00:05:29

Health: -6/247     AC: 39    Str: 39    XL:     14   Next: 48%
Magic:  0/13       EV: 10    Int:  4    God:    Trog [******]
Gold:   0          SH: 24    Dex: 10    Spells: 13/13 levels left

rFire   + . .      SeeInvis +   a - +14 obsidian axe {vorpal, Mesm Drain Fly SInv}
rCold   + . .      Faith    .   i - +18 shield of the Gong {rElec rN+ Will+ EV-5}
rNeg    + . .      Spirit   .   b - +15 Maxwell's patent armour {-Cast -Tele rElec Will+ rCorr}
rPois   +          Reflect  .   (helmet restricted)
rElec   +          Harm     .   (no cloak)
rCorr   +          Rampage  .   D - +0 pair of gloves {infuse}
Will    +++++      NoTele   +   (no boots)
Stlth   .......... NoCast   +   F - amulet of Vitality {RegenMP++ Regen++}
HPRegen 3.11/turn               k - +6 ring of strength
MPRegen 0.93/turn               y - ring "Riuruq" {*Slow rPois rF+ rC+ Str+6}

@: berserking, weakened, strong-willed, flying, mesmerised, regenerating,
studying Shields, very quick
A: horns 2, retaliatory headbutt
a: Renounce Religion, Berserk, Trog's Hand, Brothers in Arms


You were in the Dungeon.
You worshipped Trog.
Trog was exalted by your worship.
You visited 1 branch

Inventory:

Hand Weapons
 a - the +14 obsidian axe (weapon) {vorpal, Mesm Drain Fly SInv}
   (You found it in the Dungeon)

   It inflicts extra damage upon your enemies.
   It occasionally summons demons to assist the wielder when it strikes in
   combat.
   Its wielder is mesmerised by any visible foes.
   It cannot be unequipped while any foes are visible.
   SInv:      It lets you see invisible.
   Fly:       It grants you flight.
   Drain:     It drains your maximum health when unequipped.
Armour
 b - the +15 Maxwell's patent armour (worn) {-Cast -Tele rElec Will+ rCorr}
   (You found it in the Dungeon)

   rElec:     It insulates you from electricity.
   -Cast:     It prevents spellcasting.
   -Tele:     It prevents most forms of teleportation.
   rCorr:     It protects you from acid and corrosion.
   Will:      It increases your willpower.
 i - the +18 shield of the Gong (worn) {rElec rN+ Will+ EV-5}
   (You found it in the Dungeon)

   It is deafeningly noisy when blocking attacks.
   EV:        It affects your evasion (-5).
   rElec:     It insulates you from electricity.
   rN:        It protects you from negative energy.
   Will:      It increases your willpower.
 D - a +0 pair of gloves of infusion (worn)
Jewellery
 k - a +6 ring of strength (left hand)
 y - the ring "Riuruq" (right hand) {*Slow rPois rF+ rC+ Str+6}
   (You found it in the Dungeon)

   [ring of strength]

   Str:       It affects your strength (+6).
   rF:        It protects you from fire.
   rC:        It protects you from cold.
   rPois:     It protects you from poison.
   *Slow:     It may slow you when you take damage.
 E - the ring of Washoeth {+Blink rPois Str+4 SInv}
   (You found it in the Dungeon)

   [ring of poison resistance]

   Str:       It affects your strength (+4).
   rPois:     It protects you from poison.
   SInv:      It lets you see invisible.
   +Blink:    It lets you blink.
 F - the amulet of Vitality (around neck) {RegenMP++ Regen++}
   (You found it in the Dungeon)

   [amulet of magic regeneration]

   It increases your rate of magic regeneration.
   Regen:     It increases your rate of health regeneration.
 G - a +6 ring of strength
Wands
 m - a wand of mindburst (7)
 n - a wand of iceblast (7)
 o - a wand of quicksilver (7)
Scrolls
 h - 4 scrolls of blinking
 l - a scroll of brand weapon
 r - 4 scrolls of enchant weapon
 t - 7 scrolls of fog
 u - 5 scrolls of identify
 v - 2 scrolls of fear
Potions
 c - 10 potions of curing
 d - 22 potions of heal wounds
 e - 6 potions of haste
 f - 7 potions of magic
 g - 3 potions of berserk rage
 p - 2 potions of invisibility
 q - 4 potions of resistance
 s - 5 potions of might
Miscellaneous
 j - a lightning rod (4/4)
 w - a box of beasts
 x - a tin of tremorstones (2/2)
 z - a condenser vane
 A - a phial of floods
 B - a piece from Xom's chessboard (15/15)
 C - a phantom mirror


   Skills:
 + Level 26.2 Fighting
 - Level 18.0 Axes
 + Level 26.0 Armour
 + Level 24.2 Dodging


You had 13 spell levels left.
You didn't know any spells.
Your spell library was empty.

Dungeon Overview and Level Annotations

Branches:
Dungeon (1/1)

Altars:
Ashenzari
Cheibriados
Dithmenos
Elyvilon
Fedhas
Gozag
Hepliaklqana
Kikubaaqudgha
Makhleb
Nemelex Xobeh
Okawaru
Qazlal
Ru
Sif Muna
Trog
Uskayaw
Vehumet
Wu Jian
Xom
Yredelemnul
Zin
The Shining One
Jiyva
Lugonu


Innate Abilities, Weirdness & Mutations

You have a pair of horns on your head.
You reflexively headbutt those who attack you in melee.


Message History

* * * LOW HITPOINT WARNING * * *
The bolt of fire hits your smoke demon!
Your smoke demon resists.
The fire giant hits your orange demon with a +0 great sword of flaming!
The fire giant burns your orange demon.
Your orange demon dies!
Your orange demon disappears in a puff of smoke!
The searing wretch claws your iron troll.
Your iron troll is engulfed in flames!
Your iron troll resists.
Your iron troll dies!
Your iron troll's corpse disappears in a puff of smoke!
The fire giant shouts!
Unknown command.
Unknown command.
Unknown command.
You carve the searing wretch like a ham!!!
The searing wretch is almost destroyed.
You hit the searing wretch. You slice the searing wretch!!
Visions of slaying the searing wretch flood into your mind.
Your sun demon hits the fire giant.
The fire giant is engulfed in flames.
The fire giant resists.
The hell hog bites your sun demon.
Unknown command.
Unknown command.
Unknown command.
You barely miss the searing wretch.
The searing wretch is almost destroyed.
You slice the searing wretch!! You slash the searing wretch!
Visions of slaying the searing wretch flood into your mind.
The balrug gestures at you.
The fireball explodes!
The fireball engulfs the searing wretch.
The searing wretch completely resists.
The fireball engulfs the hell hog.
The hell hog completely resists.
The fireball engulfs the searing wretch.
The searing wretch completely resists.
The fireball engulfs the searing wretch.
The searing wretch completely resists.
The fireball engulfs the balrug.
The balrug completely resists.
The fireball engulfs you! You resist.
You die...

▓.........
▓.":|:}.[||)}.▓.........
▓..:|==))[[!..▓.........
▓.............▓..▓)))..▓
▓.............▓.▓▓▓)|.▓▓
▓.....C.2*....▓..▓.)...▓
▓...2Ch2hNC...▓...).©...
▓....Cnnn3....▓▓▓▓▓▓▓▓▓▓
▓....C§@3§....▓...8©8...
▓..▓.......▓..▓..):|.:}.
▓.............▓...§)|:..
▓.............▓.........
▓......©......▓...."....
▓▓▓▓▓▓▓▓▓▓▓▓▓▓▓..).)....
▓..))).... ▓..▓)).▓..
▓.▓(....▓.


You could see 3 searing wretches, 5 fire giants, a balrug (fast), a salamander
tyrant (distracted), 2 hell hogs, 2 tormentors, a creeping inferno, a friendly
sun demon (summoned) and a friendly smoke demon (summoned).

Vanquished Creatures
  A lich (D)
  A deep elf blademaster (D)
  An acid blob (D)
  An azure jelly (D)
  4 rockslimes (D)
  A fire giant (D)
  2 deep elf sorcerers (D)
  A quicksilver ooze (D)
  A very ugly thing (D)
  A vampire knight (D)
  4 stone giants (D)
  A deep elf high priest (D)
  2 great orbs of eyes (D)
  17 vault guards (D)
  A salamander tyrant (D)
  A stoker (D)
  A dancing weapon (D)
  A hell hog (D)
  A vampire mage (D)
  2 deep elf knights (D)
  2 skeletal warriors (D)
  A glowing orange brain (D)
  An ironbound convoker (D)
  A harpy (D)
  2 deep elf zephyrmancers (D)
  2 necromancers (D)
  6 deep elf pyromancers (D)
  2 cyclopes (D)
  3 toenail golems (D)
  2 eyes of devastation (D)
  A vault sentinel (D)
  2 yaktaurs (D)
  2 merfolk (D)
  A tarantella (D)
  2 hornets (D)
  A slime creature (D)
  A spriggan (D)
  2 water elementals (D)
  An air elemental (D)
  2 shadows (D)
  2 vampires (D)
  A golden eye (D)
  A floating eye (D)
  An earth elemental (D)
  3 necrophages (D)
  A scorpion (D)
  4 wights (D)
  2 orc priests (D)
  2 jellies (D)
  An orc wizard (D)
  An adder skeleton (D)
  An orc (D)
  A ball python skeleton (D)
  A jackal zombie (D)
  A quokka zombie (D)
105 creatures vanquished.

Vanquished Creatures (collateral kills)
  An acid blob (D)
  2 ironbound preservers (D)
  A stone giant (D)
  A vault guard (D)
  2 yaktaur captains (D)
  A hell hog (D)
  A deep elf archer (D)
  A necromancer (D)
  A deep elf pyromancer (D)
  5 slime creatures (D)
  3 eyes of devastation (D)
  2 toenail golems (D)
  2 yaktaurs (D)
  A merfolk (D)
  A hornet (D)
  A tarantella (D)
  3 wind drakes (D)
  A jumping spider (D)
  An air elemental (D)
  5 spriggans (D)
  A vampire (D)
  A golden eye (D)
  A black bear (D)
  2 scorpions (D)
  A wight (D)
  A jelly (D)
  An adder zombie (D)
  A bat zombie (D)
  2 endoplasms (D)
47 creatures vanquished.

Vanquished Creatures (others)
  A jelly (D)
1 creature vanquished.

Grand Total: 153 creatures vanquished

Notes
Turn   | Place    | Note
-------+----------+-------------------------------------------
     0 | D        | Zeld the Minotaur Berserker began the quest for the Orb.
     0 | D        | Reached XP level 1. HP: 19/19 MP: 0/0
    11 | D        | Found a blossoming altar of Fedhas.
    11 | D        | Found the +6 Majin-Bo {vamp, MP+6 Int+6}
    11 | D        | Found the +9 heavy crossbow "Sniper" {vorpal, Acc+∞ SInv}
    11 | D        | Found the +10 dark maul {vorpal}
    11 | D        | Found the +15 Maxwell's patent armour {-Cast -Tele rElec
                  | Will+ rCorr}
    11 | D        | Found the +18 shield of the Gong {rElec rN+ Will+ EV-5}
    11 | D        | Found the +14 obsidian axe {vorpal, Mesm Drain Fly SInv}
    11 | D        | Found the +7 great mace "Firestarter" {inner flame, rF++}
    11 | D        | Found the +6 shillelagh "Devastator" {shatter}
    11 | D        | Found the +11 plutonium sword {Contam Stlth-}
    11 | D        | Found the +8 lance "Wyrmbane" {slay drac, rPois rF+ rC+
                  | AC+3}
    11 | D        | Found the +9 sword of Zonguldrok {reap}
    11 | D        | Found the +13 scythe of Curses {drain, Drain}
    11 | D        | Found the +5 sword of Power {vorpal}
    11 | D        | Found the +7 mace of Variability {chain chaos}
    11 | D        | Found the +7 Singing Sword {vorpal, sonic wave}
    11 | D        | Found the +8 storm bow {elec, penet}
    12 | D        | Found a viscous altar of Jiyva.
    12 | D        | Found a hazy altar of Hepliaklqana.
    12 | D        | Found a transporter.
    12 | D        | Found an opulent altar of Gozag.
    12 | D        | Found an ancient bone altar of Kikubaaqudgha.
    12 | D        | Found a corrupted altar of Lugonu.
    17 | D        | Found a burning altar of Makhleb.
    19 | D        | Found an iron altar of Okawaru.
    19 | D        | Found a stormy altar of Qazlal.
    19 | D        | Found a sparkling altar of Nemelex Xobeh.
    19 | D        | Found a sacrificial altar of Ru.
    19 | D        | Found a shimmering blue altar of Sif Muna.
    38 | D        | Found a bloodstained altar of Trog.
    73 | D        | Reached skill level 5 in Fighting
    73 | D        | Reached XP level 2. HP: 29/29 MP: 1/1
   102 | D        | Entered arena 2.
   102 | D        | Noticed a floating eye
   102 | D        | Found a transporter.
   104 | D        | Killed a floating eye
   105 | D        | Reached skill level 5 in Dodging
   105 | D        | Reached XP level 3. HP: 38/38 MP: 2/2
   105 | D        | Reached XP level 4. HP: 45/45 MP: 3/3
   231 | D        | Entered arena 3.
   231 | D        | Noticed a necrophage
   231 | D        | Found a transporter.
   234 | D        | Reached ** piety under Trog
   236 | D        | Killed a necrophage
   237 | D        | Reached XP level 5. HP: 52/52 MP: 4/4
   596 | D        | Entered arena 4.
   596 | D        | Noticed a deep elf pyromancer
   596 | D        | Noticed a deep elf pyromancer
   596 | D        | Noticed a deep elf zephyrmancer
   596 | D        | Noticed a deep elf pyromancer
   596 | D        | Found a transporter.
   599 | D        | Killed a deep elf pyromancer
   599 | D        | Reached *** piety under Trog
   600 | D        | Reached XP level 6. HP: 29/63 MP: 2/5
   600 | D        | Reached XP level 7. HP: 32/70 MP: 2/6
   603 | D        | Killed a deep elf zephyrmancer
   604 | D        | Reached skill level 10 in Fighting
   604 | D        | Reached XP level 8. HP: 41/79 MP: 1/7
   604 | D        | Killed a deep elf pyromancer
   604 | D        | Reached **** piety under Trog
   605 | D        | Reached skill level 10 in Armour
   606 | D        | Killed a deep elf pyromancer
   607 | D        | Reached skill level 15 in Axes
   607 | D        | Reached skill level 10 in Dodging
   825 | D        | Entered arena 5.
   825 | D        | Found a transporter.
   829 | D        | Reached ***** piety under Trog
   830 | D        | Reached XP level 9. HP: 78/89 MP: 8/8
   838 | D        | Entered arena 6.
   838 | D        | Noticed a deep elf pyromancer
   838 | D        | Noticed a deep elf zephyrmancer
   838 | D        | Noticed a deep elf pyromancer
   838 | D        | Noticed a deep elf knight
   838 | D        | Noticed a +6 hand axe of electrocution
   838 | D        | Found a transporter.
   842 | D        | Killed a +6 hand axe of electrocution
   843 | D        | Killed a deep elf pyromancer
   843 | D        | Received a gift from Trog
   848 | D        | Killed a deep elf knight
   852 | D        | Killed a deep elf pyromancer
   853 | D        | Reached XP level 10. HP: 70/101 MP: 7/9
   854 | D        | Killed a deep elf zephyrmancer
   854 | D        | Received a gift from Trog
   863 | D        | Got the ring "Riuruq" {*Slow rPois rF+ rC+ Str+6}
   959 | D        | Entered arena 7.
   959 | D        | Noticed a toenail golem
   959 | D        | Noticed a toenail golem
   959 | D        | Noticed a toenail golem
   959 | D        | Noticed a toenail golem
   959 | D        | Noticed a toenail golem
   960 | D        | Found a transporter.
   963 | D        | Killed a toenail golem
   965 | D        | Killed a toenail golem
   965 | D        | Killed a toenail golem
   966 | D        | Killed a toenail golem
   968 | D        | Killed a toenail golem
   995 | D        | Got the +0 pair of gloves of Puhomivu {Str-2 Int+6}
  1017 | D        | Entered arena 8.
  1018 | D        | Found a transporter.
  1018 | D        | Received a gift from Trog
  1020 | D        | Reached ****** piety under Trog
  1021 | D        | Reached skill level 15 in Fighting
  1064 | D        | Entered arena 9.
  1064 | D        | Noticed a spriggan rider
  1064 | D        | Noticed a spriggan rider
  1064 | D        | Noticed a spriggan rider
  1065 | D        | Found a transporter.
  1068 | D        | Reached skill level 15 in Armour
  1068 | D        | Received a gift from Trog
  1072 | D        | Reached XP level 11. HP: 114/114 MP: 10/10
  1087 | D        | Entered arena 10.
  1088 | D        | Found a transporter.
  1101 | D        | Identified the +1 hand axe of Ludyri {vorpal, rCorr} (Trog
                  | gifted it to you in the Dungeon)
  1101 | D        | Received a gift from Trog
  1104 | D        | Reached skill level 15 in Dodging
  1293 | D        | Entered arena 11.
  1293 | D        | Noticed an ironbound preserver
  1293 | D        | Noticed an ironbound preserver
  1293 | D        | Noticed a harpy
  1293 | D        | Noticed an ironbound convoker
  1293 | D        | Noticed a purple very ugly thing
  1293 | D        | Noticed a vault guard
  1294 | D        | Found a transporter.
  1299 | D        | Killed a harpy
  1301 | D        | Killed an ironbound preserver
  1301 | D        | Received a gift from Trog
  1302 | D        | Killed an ironbound preserver
  1305 | D        | Killed an ironbound convoker
  1306 | D        | Killed a purple very ugly thing
  1306 | D        | Received a gift from Trog
  1307 | D        | Killed a vault guard
  1458 | D        | Entered arena 12.
  1458 | D        | Found the amulet of Vitality {RegenMP++ Regen++}
  1458 | D        | Noticed a vampire knight
  1458 | D        | Noticed a skeletal warrior
  1459 | D        | Noticed a lich
  1459 | D        | Identified the +9 battleaxe of Growth {venom, rElec}
  1459 | D        | Noticed a necromancer
  1460 | D        | Found a transporter.
  1465 | D        | Killed a vampire knight
  1465 | D        | Received a gift from Trog
  1466 | D        | Reached XP level 12. HP: 95/129 MP: 9/11
  1470 | D        | Killed a lich
  1559 | D        | Got the ring of Washoeth {+Blink rPois Str+4 SInv}
  1685 | D        | Entered arena 13.
  1685 | D        | Noticed a vault guard
  1685 | D        | Noticed a vault guard
  1685 | D        | Noticed a vault guard
  1685 | D        | Noticed a vault guard
  1685 | D        | Noticed a vault guard
  1685 | D        | Noticed a vault guard
  1685 | D        | Noticed a vault guard
  1685 | D        | Noticed a stone giant
  1685 | D        | Noticed a vault guard
  1686 | D        | Noticed a vault guard
  1686 | D        | Noticed a vault guard
  1687 | D        | Found a transporter.
  1690 | D        | Killed a vault guard
  1690 | D        | Received a gift from Trog
  1692 | D        | Killed a vault guard
  1692 | D        | Killed a vault guard
  1694 | D        | Killed a vault guard
  1694 | D        | Killed a vault guard
  1695 | D        | Killed a vault guard
  1698 | D        | Killed a vault guard
  1699 | D        | Killed a stone giant
  1699 | D        | Killed a vault guard
  1702 | D        | Killed a vault guard
  1703 | D        | Killed a vault guard
  1703 | D        | Received a gift from Trog
  1819 | D        | Entered arena 14.
  1821 | D        | Paralysed by an air elemental for 1 turns
  1821 | D        | Noticed a deep elf sorcerer
  1821 | D        | Noticed a deep elf blademaster
  1823 | D        | Noticed a deep elf sorcerer
  1824 | D        | Identified the amulet "Tiuth" {-Tele rPois rC+ Regen+
                  | Stlth+}
  1824 | D        | Noticed a deep elf high priest
  1826 | D        | Paralysed by an air elemental for 1 turns
  1830 | D        | Killed a deep elf sorcerer
  1833 | D        | Received a gift from Trog
  1834 | D        | Reached XP level 13. HP: 143/143 MP: 8/12
  1837 | D        | Killed a deep elf sorcerer
  1837 | D        | Received a gift from Trog
  1838 | D        | Killed a deep elf blademaster
  1848 | D        | Found a transporter.
  1849 | D        | Received a gift from Trog
  1936 | D        | Entered arena 15.
  1938 | D        | Noticed an acid blob
  1938 | D        | Noticed a rockslime
  1938 | D        | Noticed a quicksilver ooze
  1939 | D        | Found a transporter.
  1947 | D        | Killed a quicksilver ooze
  1948 | D        | Killed a rockslime
  1948 | D        | Received a gift from Trog
  1951 | D        | Killed an acid blob
  2116 | D        | Entered arena 16.
  2119 | D        | Found a transporter.
  2120 | D        | Received a gift from Trog
  2125 | D        | Received a gift from Trog
  2128 | D        | Received a gift from Trog
  2201 | D        | Entered arena 17.
  2204 | D        | Noticed a stone giant
  2204 | D        | Noticed a stone giant
  2204 | D        | Noticed a stone giant
  2206 | D        | Noticed a stone giant
  2208 | D        | Found the +5 demon whip "Spellbinder" {antimagic, Will+}
  2214 | D        | Received a gift from Trog
  2216 | D        | Killed a stone giant
  2217 | D        | Killed a stone giant
  2220 | D        | Killed a stone giant
  2220 | D        | Received a gift from Trog
  2221 | D        | Reached XP level 14. HP: 151/160 MP: 1/13
  2221 | D        | Killed a stone giant
  2224 | D        | Found a transporter.
  2297 | D        | Entered arena 18.
  2300 | D        | Noticed an azure jelly
  2300 | D        | Noticed an acid blob
  2300 | D        | Noticed a rockslime
  2300 | D        | Noticed a rockslime
  2301 | D        | Noticed a rockslime
  2302 | D        | Found a transporter.
  2306 | D        | Killed an azure jelly
  2306 | D        | Killed a rockslime
  2308 | D        | Killed a rockslime
  2308 | D        | Received a gift from Trog
  2312 | D        | Killed a rockslime
  2312 | D        | Identified the +4 battleaxe of Painful Death {flame, rElec
                  | Dex+3} (Trog gifted it to you in the Dungeon)
  2312 | D        | Received a gift from Trog
  2316 | D        | Killed an acid blob
  2316 | D        | Received a gift from Trog
  2379 | D        | Entered arena 19.
  2382 | D        | Noticed a fire giant
  2382 | D        | Noticed a fire giant
  2382 | D        | Noticed a searing wretch
  2382 | D        | Noticed a searing wretch
  2382 | D        | Noticed a fire giant
  2382 | D        | Noticed a fire giant
  2382 | D        | Noticed a searing wretch
  2383 | D        | Noticed a fire giant
  2383 | D        | Noticed a balrug
  2384 | D        | Noticed a fire giant
  2389 | D        | Killed a fire giant
  2392 | D        | HP: 10/247 [searing wretch (13)]
  2394 | D        | Killed from afar by a balrug

Illustrated notes

Levels and vault maps discovered:
D:        sprint_v [room_start, room_1, room_2, room_3, room_4, room_5, room_6,
          room_7, room_8, room_9, room_10, room_11, room_12, room_13, room_14,
          room_15, room_16, room_17, room_18, room_19, room_20, room_21,
          room_22, room_23, room_24, room_25, room_26, room_27]

Skill      XL: |  1  2  3  4  5  6  7  8  9 10 11 12 13 14 |
---------------+-------------------------------------------+-----
Fighting       | 5 6 7 9 10 11 13 15 18 21 24 26 | 26.2
Axes           | 6 8 9 12 13 15 17 18 | 18.0
Armour         | 4 6 8 9 11 12 15 18 21 24 26 | 26.0
Dodging        | 4 5 6 8 9 10 11 14 17 19 22 24 | 24.2

Action                   |  1- 3 |  4- 6 |  7- 9 | 10-12 | 13-15 || total
-------------------------+-------+-------+-------+-------+-------++-------
Melee: Broad axe         |     1 |     6 |    23 |    74 |    71 ||   175
       Headbutt          |       |     1 |     1 |    10 |    14 ||    26
Invok: Berserk           |       |       |     1 |     3 |     5 ||     9
       Trog's Hand       |       |       |       |       |     1 ||     1
       Brothers in Arms  |       |       |       |       |     1 ||     1
  Use: Potion            |     1 |       |       |       |       ||     1
 Stab: Distracted        |       |       |       |     1 |     2 ||     3
Armor: Plate armour      |       |     4 |     9 |    60 |    20 ||    93
Dodge: Dodged            |       |       |     4 |    11 |    17 ||    32
Block: Kite shield       |     3 |    13 |    15 |   105 |    53 ||   189
